Map: Prion Terraces

Players

loppelo - Winner!

  • Race: Terran Terran
  • League: Grandmaster

Thor

  • Race: Terran Terran
  • League: Master

VOD

Have the link to the VOD?

Description

Time

  • Played on: Nov. 27, 2015, 3:10 p.m.
  • Length: 11:39
Show
View Real Time Build Order
Export as new Build Order

loppelo Terran - Winner!

Build Orders: Reaper Expand, MMM Bio 

Get SALT Encoding   

  12  0:01  SCV  
  13  0:13  SCV  
  14  0:17  Supply Depot  
  14  0:25  SCV  
  15  0:39  SCV  
  15  0:41  Barracks  
  16  0:45  Refinery  
  16  0:51  SCV  
  17  1:03  SCV  
  18  1:15  SCV  
  19  1:28  Orbital Command  
  19  1:29  Reaper  
  20  1:44  Command Center  
  20  1:55  SCV  
  20  1:59  Supply Depot  
  20  2:01  Reaper  
  22  2:07  SCV  
  23  2:09  Refinery  
  23  2:20  SCV  
  24  2:27  Factory  
  24  2:32  SCV  
  25  2:40  Barracks Reactor  
  25  2:44  SCV  
  26  2:56  SCV  
  26  2:57  Orbital Command  
  27  3:00  Bunker  
  27  3:09  SCV  
  27  3:17  Marine x2  
  29  3:20  Factory Tech Lab  
  29  3:21  SCV  
  29  3:22  Starport  
  29  3:24  SCV  
  31  3:33  Engineering Bay, SCV  
  32  3:36  SCV  
  32  3:39  Marine, Supply Depot  
  32  3:40  Marine  
  35  3:45  SCV  
  35  3:48  Cyclone  
  39  3:52  SCV  
  40  3:57  SCV  
  40  4:00  Medivac  
  43  4:04  Marine x2  
  43  4:07  SCV, Supply Depot  
  46  4:12  Missile Turret  
  46  4:15  Missile Turret  
  46  4:22  SCV  
  46  4:23  Marine x2  
  48  4:26  Siege Tank  
  48  4:29  SCV  
  52  4:34  SCV  
  53  4:41  SCV  
  53  4:43  Barracks x2  
  53  4:44  Refinery, Marine x2  
  56  4:57  SCV  
  57  5:03  Marine x2  
  57  5:04  Siege Tank  
  62  5:09  Supply Depot  
  62  5:11  SCV  
  62  5:12  Viking  
  63  5:14  SCV  
  60  5:23  Marine x2, SCV  
  60  5:25  Missile Turret  
  60  5:26  SCV  
  64  5:35  SCV  
  63  5:39  SCV  
  64  5:47  SCV  
  65  5:51  SCV  
  65  5:53  Marine x2  
  65  5:55  Siege Tank  
  71  5:58  Barracks Tech Lab  
  71  5:59  SCV  
  71  6:00  Missile Turret  
  71  6:01  Missile Turret  
  71  6:03  Supply Depot, SCV  
  73  6:04  Supply Depot  
  73  6:05  Barracks Tech Lab  
  73  6:08  Starport Reactor  
  73  6:11  SCV  
  73  6:12  Marine x2  
  73  6:15  SCV  
  77  6:23  SCV  
  78  6:37  Marine  
  78  6:38  Marine, Marauder x2  
  84  6:44  Siege Tank  
  84  6:45  SCV  
  88  6:50  Combat Shields  
  88  6:51  Stimpack, Terran Infantry Weapons Level 1  
  88  7:05  Marine  
  88  7:06  Marine, Marauder  
  88  7:07  Marauder  
  94  7:21  Medivac x2, SCV x2  
  100  7:23  Marine  
  100  7:29  Command Center, Marine  
  102  7:36  Supply Depot x2  
  102  7:43  Marine  
  102  7:58  Marauder x2  
  106  8:01  Marine x2  
  108  8:06  Barracks  
  108  8:07  Barracks  
  108  8:11  Medivac x2  
  112  8:14  Refinery  
  112  8:17  Armory, Engineering Bay  
  112  8:18  Supply Depot x2  
  112  8:19  Marine  
  112  8:35  Marine x2  
  112  8:36  Marauder  
  112  8:37  SCV x2  
  118  8:42  Marine  
  110  8:53  Marine x2  
  103  8:57  Marine  
  103  9:02  Marine  
  105  9:03  SCV x2  
  105  9:04  Orbital Command  
  107  9:11  Marine x2  
  107  9:12  Medivac, Siege Tank  
  107  9:15  SCV, Marauder  
  117  9:22  Marine  
  118  9:24  SCV  
  118  9:27  SCV  
  120  9:36  Marine x2, SCV  
  123  9:39  Marine  
  119  9:52  Marine, Marauder  
  104  9:56  Marine  
  104  9:58  Marine  
  104  9:59  SCV  
  94  10:00  SCV  
  94  10:06  Barracks Reactor x2  
  93  10:09  SCV  
  93  10:10  Marauder  
  93  10:12  Refinery, SCV  
  95  10:22  Marine x3  
  95  10:23  Siege Tank  
  101  10:31  Marine  
  101  10:32  SCV x2  
  101  10:33  SCV  
  105  10:40  Marine x3  
  108  10:44  SCV  
  108  10:45  Marine x2  
  108  10:46  Marine  
  108  10:49  Marine x2  
  114  10:55  Orbital Command  
  112  10:58  Marine x2  
  112  10:59  Marauder  
  112  11:03  Marine x2  
  99  11:04  Marine  
  99  11:07  Marauder  
  99  11:11  Marine  
  101  11:15  Marine  
  101  11:16  Marine  
  104  11:21  SCV  
Show
View Real Time Build Order
Export as new Build Order

Thor Terran 

Build Orders: MMM Bio, Banshee Rush 

Get SALT Encoding   

  12  0:00  SCV  
  13  0:13  SCV  
  14  0:17  Supply Depot  
  14  0:25  SCV  
  14  0:27  Refinery  
  15  0:39  SCV  
  16  0:46  Barracks  
  16  0:51  SCV  
  17  1:03  SCV  
  18  1:05  Refinery  
  18  1:15  SCV  
  19  1:32  Orbital Command  
  19  1:42  Factory  
  19  1:43  Reaper  
  20  1:51  Supply Depot  
  20  1:58  SCV  
  21  2:10  SCV  
  21  2:15  Reaper  
  23  2:22  SCV  
  26  2:30  Hellion  
  26  2:31  Starport  
  26  2:34  SCV  
  27  2:43  Supply Depot  
  27  2:46  SCV  
  30  2:51  Hellion  
  30  2:52  Barracks Tech Lab  
  30  2:58  SCV  
  30  3:10  SCV  
  31  3:22  Factory Tech Lab  
  31  3:25  Barracks Reactor, Command Center  
  31  3:27  Supply Depot  
  31  3:31  Cloaking Field  
  31  3:38  Banshee  
  31  3:41  SCV  
  35  3:48  Cyclone  
  35  3:55  SCV  
  39  3:59  Barracks  
  39  4:08  SCV  
  39  4:09  Marine x2  
  42  4:25  Barracks  
  42  4:28  Marine x2  
  42  4:29  Raven  
  46  4:33  SCV  
  46  4:38  Orbital Command  
  45  4:46  Marine x2  
  45  4:51  SCV  
  45  4:52  Siege Tank  
  51  4:58  Supply Depot  
  51  5:04  Marine  
  51  5:08  SCV  
  51  5:12  SCV  
  51  5:13  Barracks Reactor  
  53  5:18  Stimpack, Marine  
  54  5:22  Starport Reactor  
  54  5:27  SCV x2  
  54  5:28  Marine x2  
  58  5:39  SCV  
  58  5:40  Siege Tank  
  58  5:42  Marine  
  58  5:44  Orbital Command  
  58  5:46  Marine x2  
  60  6:00  Reaper  
  60  6:01  Medivac, Bunker  
  60  6:02  Marine x2  
  60  6:04  Marine x2  
  67  6:11  Supply Depot  
  67  6:16  SCV  
  67  6:17  SCV  
  69  6:27  Marine x2  
  70  6:33  Marine x2, Siege Tank  
  75  6:43  Marine  
  75  6:44  Medivac  
  78  6:50  Supply Depot  
  78  6:56  Supply Depot  
  78  6:57  Command Center  
  78  7:04  Marine x2, SCV  
  78  7:08  SCV  
  78  7:17  Refinery  
  78  7:18  Command Center  
  78  7:21  Barracks  
  78  7:22  Barracks, SCV  
  79  7:23  Engineering Bay x2  
  79  7:24  SCV  
  79  7:25  Refinery  
  80  7:35  SCV  
  81  7:42  Marine x5  
  81  7:43  Siege Tank  
  89  7:53  Medivac x2  
  93  8:00  Terran Infantry Weapons Level 1, Marine  
  93  8:04  SCV  
  93  8:05  Supply Depot  
  94  8:12  Barracks Reactor x2  
  94  8:26  Marine x2  
  98  8:27  SCV x2  
  98  8:32  Marine x3  
  98  8:33  Siege Tank  
  104  8:44  Marine x2  
  104  8:47  Medivac x2  
  110  8:50  Marine x3  
  102  9:04  Marine x4, Combat Shields  
  102  9:08  Orbital Command  
  105  9:14  Marine  
  105  9:15  Marine x4  
  105  9:16  Armory  
  110  9:19  Siege Tank  
  110  9:20  Supply Depot x2  
  110  9:21  Supply Depot  
  113  9:28  Supply Depot  
  83  9:58  Orbital Command  
  83  9:59  Marine  
  82  10:01  Marine x7, Marauder  
  82  10:02  Medivac x2, Siege Tank  
  97  10:17  Marine  
  97  10:18  Marine  
  97  10:19  Marine x6  
  105  10:23  Marauder  
  107  10:32  Medivac  
  109  10:40  Marine x2  
  109  10:41  Marine x6  
  117  10:43  Marine  
  106  10:58  Marine  
  93  11:07  Marine x6  
  93  11:08  Marine x2  
  93  11:09  Medivac  
  105  11:16  Marine  
  106  11:20  SCV x2  
Tags
 
Add a new tag
Caveats
  • Supply blocks, unpowered buildings, or Contaminate may cause inaccurate times.
  • Supply counts are checked every 10 seconds.